AoeStats
← makeinu

Nomad

509240336Analyzed
4v4 RM · 8d ago on Sep 26, 2026· 39m 6s· 8 players
Game mode
Random Map
Map size
231×231
Population
200
Speed
Normal
Resources
Standard
Victory
Conquest
Starting age
Dark Age
Ending age
Imperial Age
RankedLock teamsTeams togetherTeam positionsShared explorationLock speedFull tech treeHidden civsTurbo modeCheats
Victory
Defeat
🇧🇷 Saxons · Brazil
1150
+14
🇦🇺 Lithuanians · Australia
1130
+15
🇨🇱 Italians · Chile
1094
+17
🇨🇱 Persians · Chile
1082
+17
🇯🇵 Aztecs · Japan
1129
-16
🇺🇸 Cumans · United States
1123
-16
🇲🇽 Vietnamese · Mexico
1118
-16
🇲🇽 Mongols · Mexico
1080
-15
ebag876
5:38 Loom
15:51 Feudal Age
20:52 Castle Age
21:38 Wheelbarrow
20:56 Double-Bit Axe
22:17 Wheelbarrow
21:46 Pikeman
23:13 Horse Collar
24:12 Bloodlines
29:51 Padded Archer Armor
31:06 Fletching
32:38 Hand Cart
36:03 Imperial Age
33:55 Bodkin Arrow
34:15 Leather Archer Armor
34:31 Thumb Ring
35:02 Leather Archer Armor
35:37 Ballistics
35:28 Scale Barding Armor
35:34 Forging
36:44 Bow Saw
36:36 Heavy Plow
37:28 Conscription
37:55 Ring Archer Armor
39:19 Chemistry
38:00 Elite Kipchak
NeessQuiick
15:23 Feudal Age
19:23 Castle Age
18:37 Double-Bit Axe
19:47 Stone Mining
34:18 Fishing Lines
36:29 Fletching
36:40 Padded Archer Armor
omarUMP
4:06 Loom
15:29 Feudal Age
23:10 Castle Age
21:03 Fletching
24:30 Thumb Ring
35:36 Pikeman
36:59 Murder Holes
makeinu
10:27 Loom
12:38 Feudal Age
16:46 Castle Age
14:52 Double-Bit Axe
16:31 Horse Collar
19:34 Bow Saw
20:22 Stone Mining
21:05 Fletching
20:44 Crossbowman
24:01 Gold Mining
25:16 Stone Shaft Mining
25:22 Padded Archer Armor
26:07 Wheelbarrow
26:24 Bodkin Arrow
27:26 Gold Shaft Mining
28:25 Hand Cart
27:55 Town Watch
30:03 Ballistics
33:45 Imperial Age
32:07 Heavy Plow
33:00 Leather Archer Armor
32:12 Pikeman
34:00 Forging
34:29 Arbalester
36:12 Chemistry
35:39 Bracer
36:40 Iron Casting
37:32 Gambesons
37:47 Squires
CL.KANKIROCK
5:06 Loom
15:23 Feudal Age
19:53 Castle Age
31:30 Imperial Age
32:20 Husbandry
32:31 Bloodlines
31:44 Cavalier
32:40 Forging
32:35 Scale Barding Armor
34:43 Wheelbarrow
33:57 Horse Collar
35:09 Heavy Plow
37:12 Chain Barding Armor
38:12 Iron Casting
39:55 Plate Barding Armor
CL.Capitán Haddock
5:10 Loom
14:12 Feudal Age
14:52 Double-Bit Axe
20:25 Castle Age
18:13 Fishing Lines
20:47 Fletching
21:39 Bow Saw
21:24 Gillnets
23:05 Bodkin Arrow
28:03 Imperial Age
27:11 Wheelbarrow
27:30 Ballistics
27:56 Padded Archer Armor
31:39 Chemistry
35:40 Two-Man Saw
36:28 Bracer
36:43 Leather Archer Armor
38:05 Masonry
38:46 Conscription
37:46 Elite Genoese Crossbowman
AcheronianoSSx
4:35 Loom
14:24 Feudal Age
15:11 Double-Bit Axe
22:34 Wheelbarrow
21:45 Town Watch
23:13 Fletching
26:38 Castle Age
25:50 Horse Collar
27:55 Gold Mining
27:56 Stone Mining
28:42 Medium Warships
28:49 Bodkin Arrow
35:09 Hand Cart
39:32 Imperial Age
39:18 Scale Mail Armor
39:30 Forging
Keanoob Reeves
3:55 Loom
13:09 Feudal Age
18:24 Castle Age
18:22 Double-Bit Axe
19:17 Scale Barding Armor
22:49 Husbandry
23:26 Chain Barding Armor
26:44 Gold Mining
26:44 Stone Mining
26:54 Horse Collar
33:13 Imperial Age
31:59 Forging
33:15 Elite Leitis
36:55 Forging
37:18 Fletching
38:19 Capped Ram
Connection lost

Rejoining the realm…

Still unreachable

The connection could not be restored.

Session expired

The server has moved on; the page needs a fresh start.